 Dungeon Sprint DCSS version 0.28-b1-1-g3c77fb2ed1 (webtiles) character file.

Game seed: 17608224093805493182

8261 boopmooplesden the Severer (level 11, -9/115 HPs)
             Began as a Minotaur Fighter on Jan 31, 2022.
             Was an Elder of Okawaru.
             Mangled by a golden dragon (17 damage)
             ... in the Dungeon (Sprint II: "The Violet Keep of Menkaure").
             The game lasted 00:08:24 (2445 turns).

boopmooplesden the Severer (Minotaur Fighter)       Turns: 2445, Time: 00:08:25

Health: -9/115     AC: 16    Str: 25    XL:     11   Next: 7%
Magic:  10/12      EV: 16    Int:  5    God:    Okawaru [****..]
Gold:   394        SH: 15    Dex: 12    Spells: 10/10 levels left

rFire   + + .      SeeInvis .   a - +2 war axe (spect)
rCold   + . .      Faith    .   n - +0 kite shield of the Invisible Hand {rF+}
rNeg    . . .      Spirit   .   i - +0 ring mail of Ytyn Dag {Str+2}
rPois   +          Reflect  .   k - +1 hat
rElec   +          Harm     .   l - +1 cloak
rCorr   +          Rampage  .   z - +2 pair of gloves
Will    .....      NoTele   +   (no boots)
Stlth   ++........              (no amulet)
HPRegen 0.29/turn               (no ring)
MPRegen 0.13/turn               (no ring)

@: resistant, heroic
A: horns 2, retaliatory headbutt
a: Renounce Religion, Heroism, Finesse


You were in the Dungeon.
You worshipped Okawaru.
Okawaru was greatly pleased with you.
You visited 1 branch You collected 1152 gold pieces.
You spent 758 gold pieces at shops.

Inventory:

Hand Weapons
 a - a +2 spectral war axe (weapon)
 o - the +4 scimitar "Xulaphod" {vamp, SInv}
   (You found it in the Dungeon)

   It occasionally heals its wielder for a portion of the damage dealt when it
   wounds a living foe.
   SInv:      It lets you see invisible.
Armour
 b - a +0 scale mail
 c - a +0 buckler
 i - the +0 ring mail of Ytyn Dag (worn) {Str+2}
   (You bought it in a shop in the Dungeon)

   Str:       It affects your strength (+2).
 k - a +1 hat (worn)
 l - a +1 cloak (worn)
 m - a +0 pair of gloves
 n - the +0 kite shield of the Invisible Hand (worn) {rF+}
   (You bought it in a shop in the Dungeon)

   rF:        It protects you from fire.
 t - a +0 chain mail
 z - a +2 pair of gloves (worn)
Scrolls
 d - a scroll of vulnerability
 j - 3 scrolls of blinking
 q - a scroll of fear
Potions
 e - a potion of brilliance
 g - a potion of haste
 h - 5 potions of magic
 r - 2 potions of flight
 s - a potion of cancellation
 v - 2 potions of resistance
 x - 2 potions of curing
 A - a potion of lignification
 C - a potion of ambrosia


   Skills:
 + Level 16.4(21.4) Fighting
 + Level 17.0(22.0) Axes
 + Level 13.4(18.4) Armour
 + Level 8.3(13.3) Dodging
 + Level 1.4(6.4) Stealth
 + Level 15.5(20.5) Shields
 + Level 3.0 Invocations


You had 10 spell levels left.
You didn't know any spells.
Your spell library contained the following spells:

 Spells                   Type           Power      Damage    Failure   Level
 Dazzling Flash           Conj/Hex       0%         N/A       95%         3
 Agony                    Necr           0%         N/A       100%        5
 Silence                  Hex/Air        0%         N/A       100%        5


Dungeon Overview and Level Annotations

Branches:
Dungeon (1/1)

Altars:
Cheibriados
Dithmenos
Elyvilon
Fedhas
Gozag
Hepliaklqana
Kikubaaqudgha
Makhleb
Nemelex Xobeh
Okawaru
Qazlal
Ru
Sif Muna
Trog
Uskayaw
Vehumet
Wu Jian
Xom
Yredelemnul
Zin
The Shining One
Beogh
Jiyva
Lugonu

Shops:
D =?:=?[!![:!?[([

Annotations:
D exclusion: oklob plant


Innate Abilities, Weirdness & Mutations

You have a pair of horns on your head.
You reflexively headbutt those who attack you in melee.


Message History

You hit something. Okawaru accepts your kill.
Reactivating autopickup.
You feel a bit more experienced.
You swing at nothing.
You swing at nothing.
There is a staircase leading out of the dungeon here.
You start resting.
The walls and floor vibrate strangely for a moment.
There is an open door, spattered with blood here.
There is an open door, spattered with blood here.
You enter the shallow water.
Moving in this stuff is going to be slow.
The great orb of eyes turns its gaze towards you.
Really walk into a travel-excluded area?
A golden dragon comes into view.
The golden dragon breathes cold at you. The bolt of cold hits you!!!
Ouch! That really hurt!
The golden dragon breathes cold at you. The bolt of cold hits you!!!
* * * LOW HITPOINT WARNING * * *
There is an open door, spattered with blood here.
You feel protected.
You gain the combat prowess of a mighty hero.
You feel much better. The golden dragon bites you.
* * * LOW HITPOINT WARNING * * *
You block the golden dragon's attack. The golden dragon barely misses you.
You hit the golden dragon but do no damage.
You slice the golden dragon!!
You headbutt the golden dragon, but do no damage.
The golden dragon is moderately wounded.
The golden dragon breathes cold at you. The bolt of cold hits you!! You resist.
* * * LOW HITPOINT WARNING * * *
You hit the golden dragon but do no damage.
You headbutt the golden dragon!
The golden dragon is moderately wounded.
The golden dragon bites you!
You die...

.D.....≈##°°°..°○#
############≈≈#'''#°○'##
###########≈≈≈......°..#
##.......∩#≈≈≈≈.##)##..#
##∩.....∩.#≈≈≈≈##.#.##.#### +
##.∩...∩.∩#≈≈≈≈#..#..#....#
##∩.∩.∩.∩.#D≈#####.#####..##
##.∩.∩.∩..#°##.###'###.##..#
##..∩.....#°#@#.##.##...#..#
##...⌠....'≈D###'.<.'##.§.§###
##........#≈#.#.##.##...#..§.#
#▓▓▓▓▓▓▓###≈##.###'###.##.....
##?$G######≈≈####.#.####≈§....
#?HH#h ##≈≈≈#..#..#≈§≈§§§≈.
#∩P!+h. #'#≈##.#.##≈§≈§≈≈§≈
#$[.#[# #.#≈≈##+##≈≈≈§≈≈§≈§
#![$ ####≈≈≈≈≈≈≈≈§§≈≈≈≈≈


You could see a golden dragon (catching breath).

Vanquished Creatures
  A yaktaur captain (D)
  2 boulder beetles (D)
  A skeletal warrior (D)
  An elephant (D)
  2 unseen horrors (D)
  A yaktaur (D)
  3 polar bears (D)
  A hornet (D)
  12 flying skulls (D)
  2 wyverns (D)
  5 water moccasins (D)
  4 necrophages (D)
  4 scorpions (D)
  A hell rat (D)
  A tentacle (D)
41 creatures vanquished.

Vanquished Creatures (others)
  Kirke (D)
  A centaur warrior (D)
  A kobold demonologist (D)
  Menkaure (D)
  8 tentacles (D)
12 creatures vanquished.

Grand Total: 53 creatures vanquished

Notes
Turn   | Place    | Note
-------+----------+-------------------------------------------
     0 | D        | boopmooplesden the Minotaur Fighter began the quest for the
                  | Orb.
     0 | D        | Reached XP level 1. HP: 19/19 MP: 0/0
     1 | D        | Noticed a necrophage
     1 | D        | Noticed a necrophage
     1 | D        | Noticed a necrophage
     1 | D        | Noticed a necrophage
     4 | D        | Killed a necrophage
     5 | D        | Reached skill level 3 in Axes
     5 | D        | Reached XP level 2. HP: 31/31 MP: 1/1
     5 | D        | Reached XP level 3. HP: 38/38 MP: 2/2
     5 | D        | Reached XP level 4. HP: 45/45 MP: 3/3
     6 | D        | Killed a necrophage
     7 | D        | Reached skill level 5 in Axes
     7 | D        | Reached XP level 5. HP: 53/53 MP: 4/4
     9 | D        | Killed a necrophage
    10 | D        | Reached skill level 6 in Axes
    13 | D        | Killed a necrophage
    14 | D        | Reached XP level 6. HP: 62/66 MP: 5/5
    14 | D        | Killed Menkaure
    30 | D        | Reached skill level 10 in Fighting
    30 | D        | Reached skill level 7 in Axes
    36 | D        | Reached skill level 8 in Axes
    36 | D        | Reached skill level 10 in Armour
    36 | D        | Reached XP level 7. HP: 62/74 MP: 6/6
    45 | D        | Noticed a boulder beetle
    45 | D        | Noticed a boulder beetle
    48 | D        | Noticed a wyvern
    48 | D        | Noticed a wyvern
    50 | D        | Killed a wyvern
    51 | D        | Reached skill level 10 in Shields
    54 | D        | Killed a wyvern
    55 | D        | Reached skill level 9 in Axes
    60 | D        | Found Bihoheapt's Distillery.
    60 | D        | Found Fisoh's Armour Emporium.
    60 | D        | Found Yqut's Antique Armour Shoppe.
    60 | D        | Found Daxzocs's Antique Armour Emporium.
    60 | D        | Found Culikhliu's Book Shoppe.
    60 | D        | Found Otamn's Magic Scroll Shoppe.
    60 | D        | Found Ywair's Antique Weapon Shoppe.
    61 | D        | Found Utaixt's Distillery.
    62 | D        | Found Xyazedd's Distillery.
    62 | D        | Found Canublul's Armour Emporium.
    62 | D        | Noticed a manticore
    62 | D        | Noticed a manticore
    94 | D        | Found Wuis's Magic Scroll Emporium.
    94 | D        | Found Ikhliut's Jewellery Shoppe.
    94 | D        | Noticed a manticore
    94 | D        | Noticed an oklob plant
    95 | D        | Found Fiumi's Magic Scroll Shoppe.
    95 | D        | Found Geenu's Book Shoppe.
    95 | D        | Found Buppusegg's Jewellery Emporium.
    97 | D        | Noticed a great orb of eyes
   107 | D        | Reached skill level 10 in Axes
   107 | D        | Reached XP level 8. HP: 51/84 MP: 7/7
   108 | D        | Bought a hat for 80 gold pieces
   108 | D        | Bought an embroidered cloak for 150 gold pieces
   108 | D        | Bought a pair of gloves for 90 gold pieces
   125 | D        | Bought the +0 kite shield of the Invisible Hand {rF+} for
                  | 222 gold pieces
   260 | D        | Found a glowing silver altar of Zin.
   260 | D        | Found a radiant altar of Vehumet.
   261 | D        | Found a glowing golden altar of the Shining One.
   261 | D        | Found a basalt altar of Yredelemnul.
   261 | D        | Found a hide-covered altar of Uskayaw.
   262 | D        | Found a shimmering altar of Xom.
   262 | D        | Found a bloodstained altar of Trog.
   262 | D        | Found a burning altar of Makhleb.
   263 | D        | Found an ornate altar of the Wu Jian Council.
   263 | D        | Found a shimmering blue altar of Sif Muna.
   263 | D        | Found a corrupted altar of Lugonu.
   264 | D        | Found a sacrificial altar of Ru.
   264 | D        | Found an ancient bone altar of Kikubaaqudgha.
   264 | D        | Found a white marble altar of Elyvilon.
   265 | D        | Found a stormy altar of Qazlal.
   265 | D        | Found a viscous altar of Jiyva.
   265 | D        | Found a shadowy altar of Dithmenos.
   266 | D        | Found a hazy altar of Hepliaklqana.
   266 | D        | Found a snail-covered altar of Cheibriados.
   268 | D        | Found a sparkling altar of Nemelex Xobeh.
   268 | D        | Found a blossoming altar of Fedhas.
   268 | D        | Noticed a hornet
   268 | D        | Noticed a polar bear
   268 | D        | Noticed a polar bear
   269 | D        | Found an iron altar of Okawaru.
   269 | D        | Found an opulent altar of Gozag.
   269 | D        | Noticed a yaktaur
   271 | D        | Noticed a polar bear
   278 | D        | Became a worshipper of Warmaster Okawaru
   289 | D        | Killed a polar bear
   290 | D        | Reached skill level 11 in Axes
   290 | D        | Reached skill level 1 in Dodging
   291 | D        | Killed a polar bear
   291 | D        | Killed a polar bear
   291 | D        | Reached * piety under Okawaru
   292 | D        | Reached skill level 12 in Axes
   299 | D        | Paralysed by a hornet for 2 turns
   303 | D        | Killed a hornet
   306 | D        | Killed a yaktaur
   307 | D        | Reached skill level 13 in Axes
   307 | D        | Reached XP level 9. HP: 40/93 MP: 8/8
   514 | D        | Noticed a kraken
   553 | D        | HP: 1/94 [tentacle[a kraken] (19)]
   946 | D        | Found the +5 robe of Night {Dark Will+ SInv}
  1469 | D        | Killed a boulder beetle
  1470 | D        | Reached skill level 14 in Axes
  1470 | D        | Reached skill level 5 in Dodging
  1480 | D        | Killed a boulder beetle
  1480 | D        | Reached ** piety under Okawaru
  1514 | D        | Bought a pitted ring mail for 216 gold pieces
  1514 | D        | Identified the +0 ring mail of Ytyn Dag {Str+2} (You bought
                  | it in a shop in the Dungeon)
  1549 | D        | Noticed an obsidian statue
  1566 | D        | Identified the +4 scimitar "Xulaphod" {vamp, SInv}
  1608 | D        | Reached skill level 1 in Invocations
  1614 | D        | Reached skill level 15 in Axes
  1614 | D        | Reached XP level 10. HP: 103/104 MP: 6/9
  1643 | D        | Reached skill level 15 in Fighting
  1643 | D        | Reached skill level 1 in Stealth
  1652 | D        | Reached *** piety under Okawaru
  1839 | D        | Noticed Kirke
  1839 | D        | Noticed a skeletal warrior
  1839 | D        | Noticed a yaktaur captain
  1839 | D        | Noticed a centaur warrior
  1852 | D        | Killed a yaktaur captain
  1852 | D        | Reached **** piety under Okawaru
  1853 | D        | Reached skill level 16 in Axes
  1859 | D        | Killed a skeletal warrior
  1860 | D        | Reached skill level 15 in Shields
  1865 | D        | Killed Kirke
  1869 | D        | Killed a centaur warrior
  1906 | D        | Noticed an elephant
  1914 | D        | Killed an elephant
  1915 | D        | Reached XP level 11. HP: 34/115 MP: 12/12
  2166 | D        | Reached skill level 17 in Axes
  2430 | D        | Noticed a golden dragon
  2445 | D        | Mangled by a golden dragon

Illustrated notes

Levels and vault maps discovered:
D:        the_violet_keep_of_menkaure [sprint2_stairs_cluster_1,
          sprint2_shoproom, sprint2_temple, sprint2_basic_supplies,
          sprint2_obstacle_3, sprint2_obstacle_7, sprint2_obstacle_1,
          sprint2_obstacle_4, sprint2_obstacle_5, sprint2_timed_cluster_1,
          sprint2_smallroom_cluster_1, sprint2_smallroom_final_cluster_1,
          sprint2_transparent_cluster_1, sprint2_second_timed_cluster_1,
          sprint2_sniper_area_1, sprint2_heavy_combat_area_1,
          sprint2_mutation_trap_area_1, sprint2_forest_area_1,
          sprint2_light_combat_area_1, sprint2_behind_water_1,
          sprint2_near_end_vault_1]

Skill      XL: |  1  2  3  4  5  6  7  8  9 10 11 |
---------------+----------------------------------+-----
Fighting       | 6 8 9 11 12 13 14 16 | 16.4
Axes           | 3 5 6 8 10 13 15 16 17 | 17.0
Armour         | 6 7 9 10 11 12 13 | 13.4
Shields        | 6 7 9 10 12 13 15 | 15.5
Dodging        | 3 5 8 |  8.3
Invocations    | 1 2 3 |  3.0
Stealth        | 1 |  1.4

Action                   |  1- 3 |  4- 6 |  7- 9 | 10-12 || total
-------------------------+-------+-------+-------+-------++-------
Melee: War axe           |     2 |    16 |    90 |    96 ||   204
       Headbutt          |       |     4 |    16 |    27 ||    47
Invok: Heroism           |       |       |     3 |     5 ||     8
  Use: Potion            |     1 |       |     4 |     3 ||     8
       Scroll            |       |       |    15 |       ||    15
Armor: Scale mail        |       |     2 |    27 |       ||    29
       Chain mail        |       |       |     6 |       ||     6
       Ring mail         |       |       |     5 |    31 ||    36
Dodge: Dodged            |     2 |     5 |    43 |    21 ||    71
Block: Buckler           |       |     4 |     6 |       ||    10
       Kite shield       |       |       |    47 |    43 ||    90
